 Dungeon Crawl Stone Soup version 0.31-a0-879-g1609e0ac53 (webtiles) character file.

Game seed: 17435444568999918429

98 DocEon the Poker (level 4, -5/33 HPs)
             Began as a Merfolk Gladiator on Oct 14, 2023.
             Slain by a cerulean imp
             ... wielding a +2 spear
             ... summoned by Natasha
              (6 damage)
             ... on level 3 of the Dungeon.
             The game lasted 00:01:36 (1630 turns).

DocEon the Poker (Merfolk Gladiator)                Turns: 1630, Time: 00:01:36

Health: -5/33      AC:  6    Str: 16    XL:     4   Next: 71%
Magic:  4/4        EV: 12    Int:  7    God:
Gold:   215        SH:  0    Dex: 15    Spells: 3/3 levels left

rFire   . . .        a - +0 trident
rCold   . . .        (no shield)
rNeg    . . .        l - +0 ring mail of Context {+Inv}
rPois   +            c - +0 helmet
rElec   .            (no cloak)
rCorr   .            (no gloves)
SInv    .            (no boots)
Will    .....        (no amulet)
Stlth   +            h - ring of poison resistance
HPRegen 0.25/turn    (no ring)
MPRegen 0.09/turn

%: no passive effects
@: slowed, very slow
A: (nimble swimmer 2), mertail
a: Evoke Invisibility


You were on level 3 of the Dungeon.
You visited 1 branch of the dungeon, and saw 3 of its levels.

You collected 215 gold pieces.

Inventory:

Hand Weapons
 a - a +0 trident (weapon)
Missiles
 d - 3 throwing nets (quivered)
 e - a javelin
Armour
 c - a +0 helmet (worn)
 l - the +0 ring mail of Context (worn) {+Inv}
   (You found it on level 2 of the Dungeon)

   +Inv:      It lets you turn invisible.
Jewellery
 h - a ring of poison resistance (left hand)
Scrolls
 g - a scroll of noise
Potions
 b - a potion of curing


   Skills:
 - Level 2.1 Fighting
 * Level 7.0 Polearms
 - Level 2.0 Throwing
 - Level 4.0 Dodging


You had 3 spell levels left.
You didn't know any spells.
Your spell library contained the following spells:

 Spells                   Type           Power      Damage    Failure   Level
 Slow                     Hex            0%         N/A       65%         1
 Confusing Touch          Hex            0%         N/A       95%         3
 Sigil of Binding         Hex            0%         N/A       95%         3
 Vampiric Draining        Necr           0%         2d6       95%         3


Dungeon Overview and Level Annotations

Branches:
Dungeon (3/15)

Altars:

Shops:
D:1 :

Annotations:
D:3 Natasha


Innate Abilities, Weirdness & Mutations

((You are very nimble when in or above water. (Stealth+, EV+, Speed+++)))
Your lower body shifts to a powerful aquatic tail in water.


Message History

Natasha claws you but does no damage. The cerulean imp closely misses you.
The cerulean imp barely misses you. The cerulean imp closely misses you.
Natasha casts a spell at you.
You feel as though you will be slow longer.
You feel better. The cerulean imp misses you.
The cerulean imp closely misses you. x2; Natasha claws you but does no damage.
The cerulean imp hits you from afar with a +0 spear.
You hit Natasha but do no damage.
Natasha is almost dead.
The cerulean imp disappears in a puff of smoke!
Natasha barely misses you.
The cerulean imp hits you but does no damage.
The cerulean imp closely misses you.
Natasha extends her claws.
Natasha stares at you and mumbles some strange words.
The magic dart hits you. The cerulean imp completely misses you.
You barely miss Natasha.
Natasha is almost dead.
The cerulean imp hits you but does no damage.
Natasha closely misses you.
The cerulean imp hits you but does no damage. x2
You barely miss Natasha.
Natasha is almost dead.
The cerulean imp disappears in a puff of smoke!
Natasha claws you but does no damage.
The cerulean imp hits you from afar with a +2 spear.
Natasha completely misses you.
The cerulean imp hits you but does no damage.
You closely miss Natasha.
Natasha is almost dead.
Natasha claws you.
* * * LOW HITPOINT WARNING * * *
The cerulean imp hits you but does no damage.
You barely miss Natasha.
Natasha is almost dead.
Natasha stares at you and mumbles some strange words.
The magic dart hits you!
* * * LOW HITPOINT WARNING * * *
The cerulean imp hits you from afar with a +2 spear.
You die...

#........#.#.#.#[#
)........#.#.#.#.#
#........#.#.#.#.#
#........#.#.#.#.#
#........#.#.#.#.#
#.........<#.#.#.#####
...............$.....+
########.#.###.#.#####
#.#.#...#@#
#.#.#'###h....# #.#=..
..5##.# #.#.. ....#
#.#........#
#.#........# #+#
.......# ........#


You could see Natasha and a cerulean imp (summoned).

Vanquished Creatures
  Natasha (D:3)
  2 adders (D:2)
  4 dart slugs
  6 ball pythons
  7 endoplasms
  4 goblins
  4 hobgoblins
  A kobold (D:2)
  2 quokkas (D:2)
  6 bats
  3 frilled lizards
  6 rats
46 creatures vanquished.

Notes
Turn   | Place    | Note
-------+----------+-------------------------------------------
     0 | D:1      | DocEon the Merfolk Gladiator began the quest for the Orb.
     0 | D:1      | Reached XP level 1. HP: 16/16 MP: 1/1
    49 | D:1      | Found Vaupithe's Book Emporium.
   225 | D:1      | Reached XP level 2. HP: 19/22 MP: 2/2
   388 | D:1      | Reached skill level 5 in Polearms
   869 | D:2      | Found a faded altar of an unknown god.
   880 | D:2      | Reached XP level 3. HP: 26/27 MP: 3/3
  1006 | D:2      | Reached skill level 6 in Polearms
  1144 | D:2      | Identified the +0 ring mail of Context {+Inv}
  1166 | D:2      | Reached XP level 4. HP: 33/33 MP: 4/4
  1450 | D:3      | Noticed Natasha
  1465 | D:3      | Killed Natasha
  1587 | D:3      | Reached skill level 7 in Polearms
  1606 | D:3      | Noticed Natasha
  1630 | D:3      | HP: 1/33 [Natasha/magic dart (7)]
  1630 | D:3      | Slain by a cerulean imp

Illustrated notes

Levels and vault maps discovered:
D:1:      reono_arrival_forest_river, layout_basic, serial_shops,
          nicolae_shop_hallway_plus
D:2:      layout_basic, hellmonk_ecumenical_altar_pennies_from_heaven
D:3:      layout_basic, uniq_natasha

Skill      XL: |  1  2  3  4 |
---------------+-------------+-----
Polearms       | 5 6 7 |  7.0
Fighting       | |  2.1
Throwing       | |  2.0
Dodging        | |  4.0

Action                     |  1- 3 |  4- 6 || total
---------------------------+-------+-------++-------
  Melee: Trident           |    89 |    61 ||   150
    Use: Scroll            |     3 |     3 ||     6
         Potion            |       |     1 ||     1
   Stab: Sleeping          |     3 |       ||     3
 Armour: Leather armour    |    25 |       ||    25
         Ring mail         |       |    42 ||    42
  Dodge: Dodged            |    39 |    39 ||    78

Table legend: (Time is in decaauts)
 A = Elapsed time spent in this place.
 B = Non-inter-level travel time spent in this place.
 C = Inter-level travel time spent in this place.
 D = Time resting spent in this place.
 E = Time spent auto-exploring this place.
 F = Levels seen in this place.
 G = Mean time per level.
                   A        B        C        D        E       F      G
               +--------+--------+--------+--------+--------+-----+--------+
         Total |   1631 |   1605 |     26 |    296 |    983 |   3 |  543.7 |
       Dungeon |   1631 |   1605 |     26 |    296 |    983 |   3 |  543.7 |
               +--------+--------+--------+--------+--------+-----+--------+

Top non-repeatable levels by time:
     D:1: 775 daAuts
     D:2: 665 daAuts
     D:3: 190 daAuts
